 Dungeon Crawl Stone Soup version 0.21-a0-94-gdd6ab6a (webtiles) character file.

43 Lavandula the Bolt Thrower (level 3, -3/26 HPs)
             Began as a Mummy Arcane Marksman on July 2, 2017.
             Slain by an orc
             ... wielding a +0 flail
              (5 damage)
             ... on level 1 of the Dungeon.
             The game lasted 00:03:40 (723 turns).

Lavandula the Bolt Thrower (Mummy Arcane Marksman)   Turns: 723, Time: 00:03:41

Health: -3/26      AC:  2    Str: 13    XL:     3   Next: 37%
Magic:  5/5        EV: 12    Int: 12    God:
Gold:   54         SH:  0    Dex: 13    Spells: 3/4 levels left

rFire    x . .     SeeInvis .   a - +0 hand crossbow
rCold    + . .     Gourm    .   (no shield)
rNeg     + + +     Faith    .   e - +0 robe
rPois    ∞         Spirit   .   (no helmet)
rElec    .         Reflect  .   (no cloak)
rCorr    .         Harm     .   (no gloves)
MR       .....     Rnd*Tele +   (no boots)
Stlth    +.........             (no amulet)
HPRegen  0.08/turn              b - ring of teleportation
MPRegen  0.09/turn              (no ring)

@: no status effects
A: no food or potions, fire vulnerability, cold resistance 1, negative energy
resistance 3, torment resistance, unbreathing
a: no special abilities


You were on level 1 of the Dungeon.
You were not hungry.

You visited 1 branch of the dungeon, and saw 3 of its levels.

You collected 54 gold pieces.

Inventory:

Hand Weapons
 a - a +0 hand crossbow (weapon)
 f - a +0 short sword
 i - a +0 hand axe
Armour
 e - a +0 robe (worn)
Jewellery
 b - a ring of teleportation (left hand)
 m - an uncursed ring of magical power {unknown}
Scrolls
 g - 4 scrolls of teleportation
 h - a scroll of fear {unknown}
 j - a scroll of noise
 k - a scroll of recharging {unknown}
 l - a scroll of magic mapping {unknown}
Books
 c - a book of Debilitation

   Spells                             Type                      Level
   a - Corona                         Hexes                        1
   b - Slow                           Hexes                        2
   c - Inner Flame                    Hexes/Fire                   3
   d - Portal Projectile              Hexes/Translocation          3
   e - Cause Fear                     Hexes                        4
   f - Leda's Liquefaction            Hexes/Earth                  4


   Skills:
 - Level 1.0 Fighting
 + Level 3.1 Crossbows
 - Level 1.5 Dodging
 - Level 1.3 Spellcasting
 - Level 2.6 Hexes


You had 3 spell levels left.
You knew the following spells:

 Your Spells              Type           Power        Failure   Level  Hunger
a - Corona                Hex            #......      10%         1    N/A

Dungeon Overview and Level Annotations

Branches:
Dungeon (3/15)

Altars:

Annotations:
D:2 Terence


Innate Abilities, Weirdness & Mutations

You do not eat or drink.
Your flesh is vulnerable to fire.
You are immune to poison.
Your flesh is cold resistant. (rC+)
You are immune to negative energy. (rN+++)
You are immune to unholy pain and torment.
You can survive without breathing.


Message History

* * * LOW HITPOINT WARNING * * *
You climb upwards.
Level annotation: Terence The jackal barks!
The bat closely misses you.
The jackal stops to sniff the ground.
There is a stone staircase leading down here.
The jackal barks!
The bat hits you but does no damage.
The goblin shouts!
The bat hits you.
* * * LOW HITPOINT WARNING * * *
The bat hits you but does no damage.
There is a stone staircase leading up here.
The bat barely misses you. The orc closely misses you.
You climb upwards.
There is a stone staircase leading down here.
Unknown command.
The orc hits you with a flail.
You die...

#..... #####.
## # ### # #..
####.###
#....o.##.##..
#@#>......# #
#..###.#### ##
#.#....# #.
..###.### #.
### ## ##. #..
### #.. #..


You could see an orc.

Vanquished Creatures
  An orc wizard (D:3)
  An orc (D:3)
  2 giant cockroaches
  A hobgoblin (D:1)
  A bat (D:2)
  A frilled lizard (D:1)
  2 goblins
  A kobold (D:1)
  5 rats
15 creatures vanquished.

Notes
Turn   | Place    | Note
-------+----------+-------------------------------------------
     0 | D:1      | Lavandula the Mummy Arcane Marksman began the quest for the Orb.
     0 | D:1      | Reached XP level 1. HP: 15/15 MP: 2/2
   371 | D:2      | Reached skill level 2 in Crossbows
   374 | D:2      | Noticed Terence
   539 | D:1      | Reached XP level 2. HP: 21/21 MP: 4/4
   654 | D:3      | Reached skill level 3 in Crossbows
   654 | D:3      | Reached XP level 3. HP: 21/26 MP: 5/5
   723 | D:1      | Slain by an orc

Vault maps used:
D:1:      dpeg_arrival_round_c, minivault_5
D:2:      first_bread, uniq_terence
D:3:      nicolae_overflow_hidden_temple, lemuel_crystal_altar

Skill      XL: |  1  2 |
---------------+-------+-----
Crossbows      | 2 3 |  3.1
Fighting       | |  1.0
Dodging        | |  1.5
Spellcasting   | |  1.3
Hexes          | |  2.6

Action                   || total
-------------------------++-------
Melee: Short sword       ||    13
       Unarmed           ||     9
 Fire: Hand crossbow     ||    41
 Cast: Corona            ||     5
  Use: Scroll            ||     4
Armor: Robe              ||    13
Dodge: Dodged            ||    44
